 Dungeon Sprint DCSS version 0.18.1-50-g88ac8fd (webtiles) character file.

605 Kagutsuchi the Fighter (level 7, -12/73 HPs)
             Began as a Mottled Draconian Berserker on Oct 26, 2016.
             Was a Priest of Trog.
             Mangled by a boulder beetle (43 damage)
             ... in the Dungeon (Sprint II: "The Violet Keep of Menkaure").
             The game lasted 00:01:16 (160 turns).

Kagutsuchi the Fighter (Mottled Draconian Berserker) Turns: 160, Time: 00:01:16

Health: -12/73     AC:  6    Str: 19      XL:     7   Next: 19%
Magic:  7/7        EV: 16    Int:  7      God:    Trog [***...]
Gold:   243        SH:  0    Dex: 12 (13) Spells: 0 memorised, 6 levels left

rFire  . . .     SeeInvis .     a - +0 falchion
rCold  . . .     Gourm    .     (armour unavailable)
rNeg   . . .     Faith    .     (no shield)
rPois  .         Spirit   .     (helmet restricted)
rElec  .         Dismiss  .     (no cloak)
rCorr  .         Reflect  .     (no gloves)
SustAt .         Harm     .     (no boots)
MR     .....     NoTele   +     (no amulet)
Stlth  +.........               (no ring)
                                (no ring)

@: exhausted, short of breath, not resistant to hostile enchantments, very
unstealthy
A: breathe sticky flame splash, unfitting armour, deterioration 2, cold-blooded,
AC +6
a: Breathe Sticky Flame, Berserk, Trog's Hand, Burn Spellbooks, Renounce
Religion


You were in the Dungeon.
You worshipped Trog.
Trog was most pleased with you.
You were full.

You visited 1 branch You collected 243 gold pieces.

Inventory:

Hand Weapons
 a - a +0 falchion (weapon)
Scrolls
 h - a scroll of blinking
Potions
 e - a potion of haste
 f - 2 potions of magic
 g - a potion of berserk rage


   Skills:
 + Level 10.3 Fighting
 + Level 9.6 Long Blades
 + Level 8.7 Dodging


You had 6 spell levels left.
You didn't know any spells.

Dungeon Overview and Level Annotations

Branches:
Dungeon (1/1)

Altars:


Innate Abilities, Weirdness & Mutations

You can spit globs of burning liquid.
You can ignite nearby creatures when you spit burning liquid.
Your weird mottled scales are hard (AC +6).
Your body does not fit into most forms of armour.
You are cold-blooded and may be slowed by cold attacks.
Your body often deteriorates upon taking damage.


Message History

You feel yourself speed up.
You can't do that yet.
You hit the boulder beetle but do no damage.
You tail-slap the boulder beetle.
The boulder beetle is severely wounded.
The boulder beetle closely misses you.
You hit the boulder beetle but do no damage.
The boulder beetle is severely wounded.
You hit the boulder beetle.
You tail-slap the boulder beetle, but do no damage.
The boulder beetle is severely wounded.
The boulder beetle bites you!!
* * * LOW HITPOINT WARNING * * *
Your body deteriorates!
You feel clumsy.
You hit the boulder beetle.
The boulder beetle is severely wounded.
Drink which item? (? for menu, Esc to quit)
You feel better. The boulder beetle bites you!!!
Ouch! That really hurt!
You die...

# ### # ##. #+#
#.## .#
#...##.###†.#..#
#'B@.'.##'..#
#..$##.###..#....#
##. #'# #.## ..§†
# ##.#### ... #.#
≈. ## ≈


You could see a boulder beetle.

Vanquished Creatures
  4 neqoxecs (D)
  Menkaure (D)
  2 worker ants (D)
7 creatures vanquished.

Vanquished Creatures (others)
  A crocodile (D)
  A worker ant (D)
2 creatures vanquished.

Grand Total: 9 creatures vanquished

Notes
Turn   | Place    | Note
--------------------------------------------------------------
     0 | D        | Kagutsuchi the Draconian Berserker began the quest for the Orb.
     0 | D        | Reached XP level 1. HP: 19/19 MP: 1/1
     1 | D        | Noticed a worker ant
     1 | D        | Noticed a worker ant
     5 | D        | Noticed a boulder beetle
     5 | D        | Noticed a boulder beetle
     9 | D        | Noticed a neqoxec
    10 | D        | Noticed a neqoxec
    13 | D        | Noticed a neqoxec
    19 | D        | Killed a neqoxec
    19 | D        | Reached skill level 7 in Fighting
    19 | D        | Reached skill level 5 in Dodging
    19 | D        | Reached XP level 2. HP: 16/34 MP: 2/2
    19 | D        | Reached XP level 3. HP: 19/39 MP: 3/3
    19 | D        | Reached XP level 4. HP: 23/47 MP: 4/4
    19 | D        | Reached XP level 5. HP: 25/52 MP: 5/5
    23 | D        | Killed a neqoxec
    23 | D        | Reached ** piety under Trog
    23 | D        | Reached skill level 8 in Fighting
    24 | D        | Noticed a neqoxec
    30 | D        | Gained mutation: Your body sometimes deteriorates upon taking damage. [a neqoxec]
    34 | D        | Killed a neqoxec
    34 | D        | Reached skill level 9 in Fighting
    34 | D        | Reached XP level 6. HP: 14/64 MP: 6/6
    42 | D        | Gained mutation: Your body often deteriorates upon taking damage. [a neqoxec]
    46 | D        | Killed a neqoxec
    46 | D        | Reached skill level 10 in Fighting
    46 | D        | Your scales start taking on a weird mottled colour.
    46 | D        | Reached XP level 7. HP: 55/72 MP: 7/7
   126 | D        | Reached *** piety under Trog
   141 | D        | Noticed Menkaure
   144 | D        | Killed Menkaure
   160 | D        | Mangled by a boulder beetle

Skill      XL: |  1  2  3  4  5  6 |
---------------+-------------------+-----
Fighting       | 7 9 10 | 10.3
Long Blades    | 6 8 9 |  9.6
Dodging        | 5 7 8 |  8.7

Action                   |  1- 3 |  4- 6 |  7- 9 || total
-------------------------+-------+-------+-------++-------
Melee: Falchion          |     9 |    25 |    19 ||    53
       Tailslap          |     1 |     1 |     5 ||     7
Invok: Berserk           |     1 |       |     1 ||     2
 Abil: Breathe Sticky Fl |       |       |     1 ||     1
  Use: Potion            |       |     1 |     1 ||     2
  Eat: Bread ration      |       |       |     1 ||     1
Armor: Skin              |       |     4 |     1 ||     5
Dodge: Dodged            |     3 |    14 |     5 ||    22
